Unix NetHack Version 5.0.0-0 post-release - last build May 23 2026 06:08:33 (1c0ff79ee797540d5714e4e18072db0edd9e58ae,branch:main).

Game began 2026-05-29 03:04:51, ended 2026-05-29 04:10:39.

Haxasaurus, neutral male gnomish Wizard

        ---------
        |.......|
        |.......|
        |.{.....|         --------
        |..<.....##       |......|
        --------- ########.......-#
           ###          # |......|#
          ##            # --------#
    #######             #         ###
   -.----------    ####)#           #
   |..........-#####                ###
   |...(......|                       #
   |..........|                       ### ------------- -
   ----------|-                         # |...).%%......-
             #                          ##)%@a%.......o.|
                                          ---------------

Haxasaurus the Thaumaturge  St:9 Dx:11 Co:14 In:19 Wi:14 Ch:11  Neutral
Dlvl:7  $:588 HP:0(42) Pw:3(75) AC:8  Xp:6/427 T:3915 

Latest messages:
 Never mind.
 In what direction?
 The spell misses the hill orc.
 In what direction?
 The spell hits the hill orc!
 In what direction?
 The spell hits the hill orc!
 You kill the hill orc!
 There is a partly eaten hill orc corpse here; eat it? y
 You resume your meal.
 You stop eating the hill orc corpse.
 You don't have enough energy to cast that spell.
 The giant ant bites!
 [HP -1, 24 left]
 The giant ant bites!
 [HP -1, 23 left]
 You don't have enough energy to cast that spell.
 You miss the giant ant.
 The giant ant bites!
 [HP -3, 20 left]
 The giant ant bites!
 [HP -2, 18 left]
 The giant ant bites!
 [HP -4, 15 left]
 The giant ant bites!
 [HP -1, 14 left]
 The giant ant bites!
 [HP -2, 12 left]
 The giant ant bites!
 [HP -1, 11 left]
 You see here a giant ant corpse.
 The hill orc picks up 64 gold pieces.
 The giant ant bites!
 [HP -4, 8 left]
 What do you want to throw?
 In what direction?
 The potion of sleeping misses the giant ant.
 An uncursed potion of sleeping shatters!
 You smell a peculiar odor...
 You feel rather tired.
 The giant ant bites!
 [HP -4, 4 left]
 The giant ant bites!
 [HP -4, 0 left]
 You die...
 Do you want your possessions identified? y
 Do you want to see your attributes? n
 Do you want an account of creatures vanquished? n
 Do you want to see your conduct and achievements? n
 Do you want to see the dungeon overview? n

Inventory:
 Coins    ('$')
  $ - 588 gold pieces
 Weapons  (')')
  a - a blessed +1 quarterstaff (weapon in hands)
 Armor    ('[')
  H - an uncursed +0 orcish helm (being worn)
  b - an uncursed +0 cloak of magic resistance (being worn)
 Comestibles  ('%')
  F - an uncursed lembas wafer
  D - 2 uncursed tripe rations
 Scrolls  ('?')
  M - an uncursed scroll of create monster
  T - a blessed scroll of enchant armor
  j - 2 uncursed scrolls of enchant armor
  q - a blessed scroll of enchant weapon
  i - a blessed scroll of gold detection
  k - 3 uncursed scrolls of identify
  C - a blessed scroll of magic mapping
  N - an uncursed scroll of scare monster
 Spellbooks  ('+')
  X - an uncursed spellbook of dig
  Q - an uncursed spellbook of remove curse
 Potions  ('!')
  S - a cursed potion of booze
  U - an uncursed potion of extra healing
  E - an uncursed potion of fruit juice
  W - an uncursed potion of gain energy
  o - 3 uncursed potions of healing
  f - an uncursed potion of invisibility
  h - an uncursed potion of oil
  r - a blessed potion of speed
  J - a potion of unholy water
 Rings    ('=')
  R - a cursed -2 ring of gain constitution
  e - an uncursed ring of polymorph
  y - an uncursed +1 ring of protection
  d - an uncursed ring of searching
 Wands    ('/')
  p - a wand of create monster (0:12)
  c - a wand of speed monster (0:4)
  L - a wand of teleportation (0:8)
 Tools    ('(')
  t - an uncursed credit card
  n - a magic marker (0:22)
  V - an uncursed tin whistle
 Gems/Stones  ('*')
  P - an uncursed worthless piece of green glass
  G - an uncursed worthless piece of violet glass

Haxasaurus the Wizard's attributes:

Background:
 You were a Thaumaturge, a level 6 male gnomish Wizard.
 You were neutral, nominally on a mission for Thoth
 who was opposed by Ptah (lawful) and Anhur (chaotic).
 You were right-handed.
 You were in the Dungeons of Doom, on level 7.
 You entered the dungeon 3915 turns ago.
 It was nighttime.
 You had 427 experience points, 213 more were needed to attain level 7.

Basics:
 You had 0 out of 42 hit points.
 You had 3 out of 75 energy points (spell power).
 Your armor class was 8.
 Your wallet contained 588 zorkmids.
 Autopickup was on for '$"=/!?' plus thrown, with exceptions.

Final Characteristics:
 Your strength was 9 (limit:18/50).
 Your dexterity was 11 (limit:18).
 Your constitution was 14 (limit:18).
 Your intelligence was 19 (limit:19).
 Your wisdom was 14 (limit:18).
 Your charisma was 11 (limit:18).

Final Status:
 You weren't hungry.
 You were unencumbered.
 You were wielding a quarterstaff.
 You had basic skill with quarterstaff.

Final Attributes:
 You were piously aligned.
 You were magic-protected.
 You were telepathic.
 You had infravision.
 You were warded.
 You are dead.

Miscellaneous:
 You didn't encounter any bones levels.
 Total elapsed playing time was 1 hour, 1 minute and 18 seconds.

Major events:
 Turn
    1: Haxasaurus the neutral male gnomish Wizard entered the dungeon
  680: entered the Gnomish Mines
 1191: attained the rank of Conjurer (level 3)
 3794: attained the rank of Thaumaturge (level 6)
 3915: killed by a giant ant, while sleeping off a magical draught

Spells:
 Name                 Level Category     Fail Retention
 force bolt             1   attack         0%   81%-90%
 magic missile          2   attack         0%   81%-90%
 detect monsters        1   divination     0%  76%-100%
 slow monster           2   enchantment    0%  91%-100%
 confuse monster        1   enchantment    0%  91%-100%
 remove curse           3   clerical      74%  76%-100%

Skills:
 Fighting Skills
   bare handed combat [Unskilled]
   riding             [Unskilled]
 Weapon Skills
   dagger             [Unskilled]
   knife              [Unskilled]
   axe                [Unskilled]
   short sword        [Unskilled]
   club               [Unskilled]
   mace               [Unskilled]
   quarterstaff       [Basic]
   polearms           [Unskilled]
   spear              [Unskilled]
   trident            [Unskilled]
   sling              [Unskilled]
   dart               [Unskilled]
   shuriken           [Unskilled]
 Spellcasting Skills
   attack spells      [Basic]
   healing spells     [Unskilled]
   divination spells  [Unskilled]
   enchantment spells [Basic]
   clerical spells    [Unskilled]
   escape spells      [Unskilled]
   matter spells      [Unskilled]

Voluntary challenges:
 Character rerolling was not enabled.
 You were an atheist.
 You never genocided any monsters.
 You never polymorphed an object.
 You never changed form.
 You used no wishes.
Achievements:
 You entered a shop.
 You entered the Gnomish Mines.
 You attained the rank of Conjurer.
 You attained the rank of Thaumaturge.

 The Dungeons of Doom: levels 1 to 7
    Level 1:
    Level 2: "spellbooks in shop"
       A general store.
       Stairs down to The Gnomish Mines.
    Level 3:
       A vegetarian food shop.
    Level 4:
       A fountain, a grave.
    Level 5:
       A potion shop.
    Level 6:
       A fountain.
    Level 7: <- You were here.
       A fountain.
       Final resting place for
          you, killed by a giant ant, while sleeping off a magical draught.
 The Gnomish Mines:
    Level 3:


Vanquished creatures:
  a leprechaun
  a plains centaur
  a rock mole
  a pony
  3 giant ants
  2 floating eyes
  a kitten
  4 homunculi
  a kobold shaman
  4 hill orcs
  a rothe
  a rabid rat
  2 giant bats
  a wererat
 an iguana
  a coyote
  a large kobold
  2 hobgoblins
  2 giant rats
  2 cave spiders
  a yellow mold
  a red mold
  a garter snake
  6 geckos
  7 jackals
  a fox
  a kobold
  4 goblins
  a sewer rat
  4 grid bugs
  a bat
  5 lichens
  3 newts
69 creatures vanquished.

No species were genocided or became extinct.

Game over:
                       ----------
                      /          \
                     /    REST    \
                    /      IN      \
                   /     PEACE      \
                  /                  \
                  |    Haxasaurus    |
                  |      588 Au      |
                  |   killed by a    |
                  |    giant ant     |
                  |                  |
                  |                  |
                  |       2026       |
                 *|     *  *  *      | *
        _________)/\\_//(\/(/\)/\//\/|_)_______

Goodbye Haxasaurus the Wizard...

You died in The Dungeons of Doom on dungeon level 7 with 2548 points,
and 588 pieces of gold, after 3915 moves.
You were level 6 with a maximum of 42 hit points when you died.

